 Dungeon Crawl Stone Soup version 0.29-a0-82-g837932c90e (webtiles) character file.

Game seed: 14947186814153219721

115727 HallandMoats the Warrior (level 15, -40/175 HPs)
             Began as a Minotaur Monk on Feb 4, 2022.
             Was the Champion of Jiyva.
             Killed from afar by an ironbound thunderhulk (52 damage)
             ... with a bolt of lightning
             ... on level 1 of the Vaults.
             The game lasted 00:45:00 (21725 turns).

HallandMoats the Warrior (Minotaur Monk)           Turns: 21725, Time: 00:45:00

Health: -40/175    AC: 25    Str: 25    XL:     15   Next: 87%
Magic:  13/14      EV: 15    Int:  7    God:    Jiyva [******]
Gold:   190        SH:  6    Dex: 18    Spells: 14/14 levels left

rFire   + + .      SeeInvis +   b - +8 morningstar of Wyel Umo {vamp, Str+4}
rCold   + + .      Faith    .   O - +0 buckler
rNeg    + . .      Spirit   .   P - +1 plate armour of Nemelex Xobeh's Regard {Harm rPois rN+}
rPois   +          Reflect  .   (helmet unavailable)
rElec   .          Harm     +   m - +0 cloak
rCorr   +          Rampage  .   r - +0 pair of gloves {Str+3}
Will    +....      Clarity  +   j - +2 pair of boots {Fly}
Stlth   ..........              s - amulet of regeneration
HPRegen 2.79/turn               A - ring of see invisible
MPRegen 0.64/turn               L - ring "Keog" {Fly rPois rC++ Stlth+}

@: marked, frozen, calling ooze, flying, very slow
A: horns 3, retaliatory headbutt, clarity, fire resistance 2, sense surroundings
1, robust 2, wild magic 3, eyeballs 2, evolution 1, tendrils, MP-powered wands
}: 1/15 runes: slimy
a: Renounce Religion, Oozemancy, Slimify


You were on level 1 of the Vaults.
You worshipped Jiyva.
Jiyva was exalted by your worship.
You visited 6 branches of the dungeon, and saw 30 of its levels.
You also visited: Bailey.

You collected 1773 gold pieces.
You spent 1583 gold pieces at shops.

Inventory:

Hand Weapons
 a - a +0 war axe of flaming
 b - the +8 morningstar of Wyel Umo (weapon) {vamp, Str+4}
   (You found it on level 5 of the Pits of Slime)

   It occasionally heals its wielder for a portion of the damage dealt when it
   wounds a living foe.
   Str:       It affects your strength (+4).
Missiles
 D - 4 throwing nets (quivered)
Armour
 d - a +0 troll leather armour
 e - a +1 leather armour of cold resistance
 j - a +2 pair of boots of flying (worn)
 m - a +0 cloak (worn)
 r - a +0 pair of gloves of strength (worn)
 K - a +1 plate armour of fire resistance
 O - a +0 buckler (worn)
 P - the +1 plate armour of Nemelex Xobeh's Regard (worn) {Harm rPois rN+}
   (You bought it in a shop on level 2 of the Orcish Mines)

   rPois:     It protects you from poison.
   rN:        It protects you from negative energy.
   Harm:      It increases damage dealt and taken.
Jewellery
 s - an amulet of regeneration (around neck)
 x - a ring of positive energy
 A - a ring of see invisible (left hand)
 L - the ring "Keog" (right hand) {Fly rPois rC++ Stlth+}
   (You found it on level 5 of the Pits of Slime)

   [ring of flight]

   rC:        It greatly protects you from cold.
   rPois:     It protects you from poison.
   Fly:       It grants you flight.
   Stlth:     It makes you more stealthy.
Wands
 l - a wand of iceblast (14)
 o - a wand of digging (14)
 y - a wand of acid (5)
Scrolls
 c - 5 scrolls of amnesia
 g - 2 scrolls of torment
 h - 3 scrolls of enchant weapon
 n - 2 scrolls of fog
 q - 2 scrolls of magic mapping
 u - 2 scrolls of immolation
 v - 8 scrolls of identify
 F - 3 scrolls of teleportation
 N - a scroll of enchant armour
Potions
 f - 2 potions of mutation {unknown}
 i - 7 potions of flight
 k - a potion of might
 p - a potion of resistance {unknown}
 t - a potion of haste {unknown}
 w - 3 potions of attraction {unknown}
 z - a potion of lignification {unknown}
 B - 4 potions of brilliance
 C - a potion of magic {unknown}
 E - 2 potions of invisibility {unknown}
 J - 2 potions of ambrosia {unknown}
 M - 7 potions of curing


   Skills:
 + Level 16.8 Fighting
 + Level 16.8(17.5) Axes
 * Level 8.7(13.8) Maces & Flails
 + Level 16.3 Armour
 + Level 15.4 Dodging
 - Level 1.5 Stealth
 * Level 6.0 Shields


You had 14 spell levels left.
You didn't know any spells.
Your spell library contained the following spells:

 Spells                   Type           Power      Damage    Failure   Level
 Magic Dart               Conj           0%         1d3       100%        1
 Pain                     Necr           0%         1d4       100%        1
 Shock                    Conj/Air       0%         1d3       100%        1
 Call Imp                 Summ           0%         N/A       100%        2
 Mephitic Cloud           Conj/Pois/Air  0%         N/A       100%        3
 Portal Projectile        Hex/Tloc       0%         N/A       100%        3
 Swiftness                Air            0%         N/A       100%        3
 Airstrike                Air            0%         N/A       100%        4
 Ice Form                 Ice/Tmut       0%         N/A       100%        4
 Passage of Golubria      Tloc           0%         N/A       100%        4
 Petrify                  Tmut/Erth      0%         N/A       100%        4
 Summon Ice Beast         Ice/Summ       0%         N/A       100%        4
 Agony                    Necr           0%         N/A       100%        5
 Blade Hands              Tmut           0%         N/A       100%        5
 Excruciating Wounds      Necr           0%         N/A       100%        5
 Freezing Cloud           Conj/Ice/Air   0%         6-21      100%        5
 Metabolic Englaciation   Hex/Ice        0%         N/A       100%        5
 Silence                  Hex/Air        0%         N/A       100%        5
 Simulacrum               Ice/Necr       0%         N/A       100%        6
 Statue Form              Tmut/Erth      0%         N/A       100%        6
 Malign Gateway           Summ/Tloc      0%         N/A       100%        7
 Lehudib's Crystal Spear  Conj/Erth      0%         10d2      100%        8
 Polar Vortex             Ice            0%         N/A       100%        9


Dungeon Overview and Level Annotations

Branches:
Dungeon (15/15)            Temple (0/1) D:6            Lair (6/6) D:8
  Swamp (1/4) Lair:3       Spider (0/4) Lair:2        Slime (5/5) Lair:6
    Orc (2/2) D:11            Elf (0/3) Orc:2        Vaults (1/5) D:14
 Depths (0/4) D:15         Bailey (visited)

Altars:
Ashenzari
Makhleb
Okawaru
The Shining One
Beogh
Jiyva

Shops:
D:4 :   D:6 *(=[(   D:10 *   Orc:2 *[?[

Annotations:
D:10 Maurice
D:13 1 runed translucent door, HallandMoats's ghost, journeyman MiFi
Swamp:1 Nikola
Slime:5 Royal Jelly


Innate Abilities, Weirdness & Mutations

You have a pair of large horns on your head.
You reflexively headbutt those who attack you in melee.
You possess an exceptional clarity of mind.
Your flesh is very heat resistant. (rF++)
You passively map a small area around you.
You are very robust. (+20% HP)
Your spells are much harder to cast, but much more powerful.
Your body has grown many eyes which may confuse attackers. (Acc +5)
You have hidden genetic potential.
You are covered in slimy tendrils that may disarm your opponents.
You expend magic power (3 MP) to strengthen your wands.


Message History

The wall burns the ironbound preserver!
The wall burns the ironbound thunderhulk!
Electricity crackles from the ironbound thunderhulk's apparatus.
The bolt of lightning hits you!
* * * LOW HITPOINT WARNING * * *
The walls burn the vault warden!
The vault warden hits you but does no damage.
The deep troll is no longer engulfed.
The walls burn the ironbound preserver!
Unknown command.
Okay, then.
Unknown command.
The wall burns the ironbound thunderhulk!
Electricity crackles from the ironbound thunderhulk's apparatus.
The bolt of lightning misses you.
The ironbound frostheart calls freezing cold from the walls.
The frost grips you!! You partially resist.
* * * LOW HITPOINT WARNING * * *
You are encased in ice.
The frost grips your quicksilver ooze!!!
The walls burn the vault sentinel!
The walls burn the vault warden!
The vault warden activates a sealing rune.
The walls burn the ironbound preserver!
Unknown command.
Unknown command.
Unknown command.
Unknown command.
Unknown command.
Unknown command.
As you read the scroll of fog, it crumbles to dust.
The scroll dissolves into smoke.
The deep troll barely misses your quicksilver ooze.
The deep troll completely misses your quicksilver ooze.
The deep troll closely misses your quicksilver ooze.
Your quicksilver ooze closely misses the ironbound frostheart.
Your quicksilver ooze completely misses the ironbound frostheart.
A deep troll comes into view.
The wall burns the ironbound thunderhulk!
Electricity crackles from the ironbound thunderhulk's apparatus.
The bolt of lightning hits you!!!
You die...

, ,....(.... ,
........, , , , ,
.....T , , , * *
#....#* * #....#
#p.p.# #p)T.# #TpJ.#
#@§..# * , * #§§§.#
######## , , #.?..#
#......# , #O...#
#......# * #..(.#
#......# #....#
#......# #....#
#......# #....#
#......#
####....##########'##


You could see an ironbound preserver, a vault warden (sheltered), an ironbound
thunderhulk, an ironbound frostheart (sheltered, ally target), 3 deep trolls and
a friendly quicksilver ooze (summoned).

Vanquished Creatures
  Kirke (D:13)
  2 orc warlords
  An ironbound preserver (D:14)
  An ironbound thunderhulk (Vaults:1)
  Azrael (D:14)
  Snorg (Lair:5)
  A yaktaur captain (Vaults:1)
  Harold (D:11)
  6 hydras
  5 boulder beetles
  An alligator (Lair:3)
  7 centaur warriors
  5 two-headed ogres
  A catoblepas (Lair:6)
  2 death knights (D:14)
  4 tengu warriors
  A deep troll shaman (Lair:6)
  5 orc high priests (Orc:2)
  Nergalle (Orc:1)
  Urug (Orc:2)
  6 death yaks (Lair:6)
  A deep troll (Vaults:1)
  A bog body (Lair:3)
  A lindwurm (Lair:5)
  2 ironbound convokers (Vaults:1)
  5 orc knights (Orc:2)
  4 wizards
  2 phantasmal warriors (D:14)
  4 orc sorcerers
  6 deep elf pyromancers
  10 ugly things
  4 deep elf zephyrmancers (D:12)
  2 cyclopes
  3 manticores
  4 black mambas
  20 elephants
  2 gargoyles
  12 cane toads
  2 unseen horrors
  A torpor snail (Lair:6)
  4 freezing wraiths
  A rime drake (Lair:1)
  9 komodo dragons
  6 yaktaurs (Vaults:1)
  2 tengu conjurers (D:15)
  6 trolls
  A polar bear (Lair:6)
  4 dream sheep (Lair:6)
  3 blink frogs (Lair:6)
  2 shadows
  5 wyverns
  A vampire (D:10)
  2 hogs (D:13)
  A human (D:13)
  2 wraiths
  52 yaks
  4 fire elementals (D:14)
  2 basilisks
  2 steam dragons
  6 vampire mosquitoes (D:12)
  Menkaure (D:4)
  4 wargs
  4 acid dragons
  Edmund (D:6)
  3 swamp worms (Lair:3)
  15 water moccasins
  2 hell hounds (D:14)
  3 black bears
  A sky beast (D:5)
  A necrophage (D:5)
  48 orc warriors
  18 wolves
  7 ogres
  8 centaurs
  A kobold brigand (D:11)
  9 bullfrogs
  5 scorpions
  13 killer bees
  3 wights (D:8)
  3 howler monkeys
  2 electric eels
  3 centaur zombies
  2 hounds
  Crazy Yiuf (D:4)
  30 orc priests
  A gnoll shaman (D:8)
  3 centaur skeletons
  An iguana (D:6)
  22 orc wizards
  5 hell rats (Lair:3)
  A killer bee zombie (D:9)
  A hound skeleton (D:5)
  A howler monkey zombie (D:10)
  A howler monkey skeleton (D:6)
  9 adders
  8 gnolls
  A shadow imp (D:5)
  2 white imps
  An adder skeleton (D:4)
  4 dart slugs
  116 orcs
  7 ball pythons
  3 bats (D:2)
  2 giant cockroaches
  9 goblins
  8 hobgoblins
  3 jackals (D:3)
  19 kobolds
  5 quokkas
  2 frilled lizards (D:3)
  A goblin skeleton (D:4)
  A goblin zombie (D:4)
  3 hobgoblin zombies (D:4)
  3 kobold skeletons (D:4)
  2 kobold zombies (D:4)
  2 orc skeletons (D:4)
  A quokka skeleton (D:4)
  4 rats
695 creatures vanquished.

Vanquished Creatures (collateral kills)
  A frost giant (D:15)
  A boulder beetle (D:12)
  A two-headed ogre (D:11)
  An orc knight (Bailey)
  A deep elf pyromancer (D:12)
  A cyclops (D:13)
  A komodo dragon (D:8)
  A troll (D:13)
  A shadow (D:6)
  A steam dragon (D:6)
  An orc warrior (Bailey)
  An orc wizard (D:12)
  2 gnolls (Bailey)
  2 goblins (Bailey)
  A hobgoblin (Bailey)
17 creatures vanquished.

Vanquished Creatures (others)
  A hydra (Lair:6)
  A centaur warrior (D:15)
  An elephant (Lair:3)
  A hornet (D:8)
  A slime creature (D:14)
  A yak (shapeshifter) (D:14)
  2 yaks (Lair:6)
  A sky beast (D:5)
  A kobold brigand (D:8)
  A killer bee (D:9)
  A wight (D:8)
  86 jellies
  4 orc priests
  Jessica (D:2)
  4 orc wizards
  3 gnolls (D:5)
  An adder (D:6)
  A white imp (D:6)
  15 orcs
  2 endoplasms
  A goblin (D:2)
  5 kobolds (D:8)
  A rat (D:3)
  84 fungi
  95 plants
315 creatures vanquished.

Grand Total: 1027 creatures vanquished

Notes
Turn   | Place    | Note
-------+----------+-------------------------------------------
     0 | D:1      | HallandMoats the Minotaur Monk began the quest for the Orb.
     0 | D:1      | Reached XP level 1. HP: 19/19 MP: 0/0
    74 | D:1      | Found a faded altar of an unknown god.
    88 | D:1      | Prayed at the altar of an unknown god.
    88 | D:1      | Became a worshipper of Jiyva Jiacvim the Shapeless
    88 | D:1      | Reached * piety under Jiyva
    88 | D:1      | Reached ** piety under Jiyva
   224 | D:1      | Reached *** piety under Jiyva
   262 | D:1      | Reached XP level 2. HP: 27/27 MP: 1/1
   295 | D:1      | Reached skill level 1 in Armour
   697 | D:2      | Reached XP level 3. HP: 29/33 MP: 2/2
   705 | D:2      | Gained mutation: You are somewhat resistant to further
                  | mutation. [Jiyva's grace]
   705 | D:2      | Gained mutation: You are somewhat resistant to both further
                  | mutation and mutation removal. [Jiyva's grace]
   705 | D:2      | Gained mutation: You are almost entirely resistant to
                  | further mutation and mutation removal. [Jiyva's grace]
   705 | D:2      | Gained mutation: Your rubbery body absorbs attacks. (AC +1,
                  | EV +1) [Jiyva's grace]
   908 | D:2      | Reached **** piety under Jiyva
  1171 | D:3      | Noticed Jessica
  1220 | D:2      | Killed Jessica
  1259 | D:3      | Reached XP level 4. HP: 39/41 MP: 3/3
  2496 | D:4      | Reached XP level 5. HP: 37/47 MP: 4/4
  2587 | D:4      | Found a runed translucent door.
  2588 | D:4      | Noticed Crazy Yiuf
  2669 | D:4      | Noticed Menkaure
  2675 | D:4      | Killed Menkaure
  2676 | D:4      | Reached skill level 5 in Fighting
  2676 | D:4      | Reached skill level 5 in Axes
  2676 | D:4      | Reached XP level 6. HP: 21/56 MP: 5/5
  2889 | D:4      | Found Yfoz's Book Emporium.
  2969 | D:4      | Found a glowing golden altar of the Shining One.
  3008 | D:4      | Reached skill level 5 in Dodging
  3242 | D:4      | Killed Crazy Yiuf
  3318 | D:5      | Entered Level 5 of the Dungeon
  3333 | D:5      | Reached XP level 7. HP: 62/62 MP: 6/6
  3390 | D:5      | Reached ***** piety under Jiyva
  3758 | D:5      | Reached skill level 5 in Armour
  4070 | D:6      | Lost mutation: You are almost entirely resistant to further
                  | mutation and mutation removal. [Jiyva's grace]
  4070 | D:6      | Lost mutation: Your rubbery body absorbs attacks. (AC +1,
                  | EV +1) [Jiyva's grace]
  4070 | D:6      | Gained mutation: You are covered in slimy tendrils that may
                  | disarm your opponents. [Jiyva's grace]
  4070 | D:6      | Gained mutation: You have a small jelly attached to you
                  | that senses nearby items. [Jiyva's grace]
  4070 | D:6      | Gained mutation: You have a small jelly attached to you
                  | that may absorb projectiles. [Jiyva's grace]
  4070 | D:6      | Gained mutation: You have sharp fingernails. [Jiyva's
                  | grace]
  4175 | D:6      | Reached XP level 8. HP: 47/71 MP: 7/7
  4211 | D:6      | Found Iduhidu's Assorted Antiques.
  4234 | D:6      | Bought a scroll labelled UDEIXZO VOWNU for 27 gold pieces
  4234 | D:6      | Bought a scroll labelled RUYDU PAOGOCUO for 27 gold pieces
  4234 | D:6      | Bought a smoky white potion for 24 gold pieces
  4234 | D:6      | Bought a black potion for 24 gold pieces
  4253 | D:6      | Found Tinlyaj's Jewellery Boutique.
  4319 | D:6      | Found a staircase to the Ecumenical Temple.
  4324 | D:6      | Noticed Edmund
  4334 | D:6      | Killed Edmund
  4418 | D:6      | Found Pastreg's Weapon Emporium.
  4515 | D:6      | Found Pajafiu's Weapon Boutique.
  4555 | D:6      | Found Waxim's Antique Armour Boutique.
  4805 | D:7      | Found a flagged portal.
  4866 | Bailey   | Entered a bailey
  4873 | Bailey   | Noticed an orc knight
  4906 | Bailey   | Reached XP level 9. HP: 81/81 MP: 8/8
  5031 | Bailey   | Killed an orc knight
  5615 | D:7      | Reached ****** piety under Jiyva
  5772 | D:8      | Noticed a gargoyle
  5809 | D:8      | Killed a gargoyle
  5810 | D:8      | Reached XP level 10. HP: 72/91 MP: 9/9
  5858 | D:8      | Lost mutation: You are somewhat resistant to both further
                  | mutation and mutation removal. [Jiyva's grace]
  5858 | D:8      | Lost mutation: You are covered in slimy tendrils that may
                  | disarm your opponents. [Jiyva's grace]
  5858 | D:8      | Gained mutation: You are agile. (Dex +2) [Jiyva's grace]
  5858 | D:8      | Gained mutation: You are very agile. (Dex +4) [Jiyva's
                  | grace]
  5858 | D:8      | Gained mutation: You have a pair of large horns on your
                  | head. [Jiyva's grace]
  5858 | D:8      | Gained mutation: Your muscles are strong. (Str +2) [Jiyva's
                  | grace]
  6243 | D:8      | Reached skill level 10 in Fighting
  6243 | D:8      | Reached skill level 10 in Axes
  6337 | D:8      | Found a staircase to the Lair.
  7245 | D:10     | Entered Level 10 of the Dungeon
  7349 | D:10     | Reached skill level 10 in Armour
  7507 | D:10     | Reached XP level 11. HP: 77/101 MP: 10/10
  7560 | D:10     | Noticed Maurice
  7628 | D:10     | Reached skill level 10 in Dodging
  7678 | D:10     | Lost mutation: You are very agile. (Dex +4) [Jiyva's grace]
  7678 | D:10     | Lost mutation: You are somewhat resistant to further
                  | mutation. [Jiyva's grace]
  7678 | D:10     | Lost mutation: Your muscles are strong. (Str +2) [Jiyva's
                  | grace]
  7678 | D:10     | Lost mutation: You have a small jelly attached to you that
                  | may absorb projectiles. [Jiyva's grace]
  7678 | D:10     | Gained mutation: You have acidic saliva. [Jiyva's grace]
  7678 | D:10     | Gained mutation: Your movements are slightly less
                  | encumbered by armour. (ER -2) [Jiyva's grace]
  7678 | D:10     | Gained mutation: Your movements are less encumbered by
                  | armour. (ER -4) [Jiyva's grace]
  7678 | D:10     | Gained mutation: Your movements are significantly less
                  | encumbered by armour. (ER -6) [Jiyva's grace]
  7693 | D:10     | Found Ogeyjuy's Assorted Antiques.
  7702 | D:10     | Bought a potion of heal wounds for 155 gold pieces
  7702 | D:10     | Bought a scroll labelled ONIEXA REPP for 31 gold pieces
  7702 | D:10     | Bought a scroll of teleportation for 93 gold pieces
  8220 | D:11     | Noticed a two-headed ogre
  8224 | D:11     | Killed a two-headed ogre
  8435 | D:11     | Noticed Harold
  8450 | D:11     | Killed Harold
  8491 | D:11     | Found a staircase to the Orcish Mines.
  8507 | D:11     | Noticed a centaur warrior
  8514 | D:11     | Killed a centaur warrior
  8562 | D:11     | Noticed a two-headed ogre
  8574 | D:11     | Killed a two-headed ogre
  8996 | D:12     | Noticed a six-headed hydra
  8996 | D:12     | Noticed a boulder beetle
  9058 | D:12     | Killed a two-headed hydra
  9091 | D:12     | Noticed a deep elf pyromancer
  9092 | D:12     | Noticed a deep elf zephyrmancer
  9098 | D:12     | Killed a deep elf zephyrmancer
  9101 | D:12     | Noticed a deep elf pyromancer
  9111 | D:12     | Noticed a deep elf pyromancer
  9112 | D:12     | Killed a deep elf pyromancer
  9119 | D:12     | Killed a boulder beetle
  9159 | D:12     | Killed a deep elf pyromancer
  9167 | D:12     | Killed a deep elf pyromancer
  9245 | D:12     | Noticed a purple ugly thing
  9259 | D:12     | Killed a purple ugly thing
  9319 | D:12     | Noticed a deep elf pyromancer
  9320 | D:12     | Noticed a deep elf zephyrmancer
  9325 | D:12     | Noticed a deep elf pyromancer
  9328 | D:12     | Killed a deep elf pyromancer
  9329 | D:12     | Reached XP level 12. HP: 92/113 MP: 11/11
  9405 | D:12     | Lost mutation: You have a pair of large horns on your head.
                  | [Jiyva's grace]
  9405 | D:12     | Lost mutation: You have acidic saliva. [Jiyva's grace]
  9405 | D:12     | Lost mutation: You have a small jelly attached to you that
                  | senses nearby items. [Jiyva's grace]
  9405 | D:12     | Lost mutation: Your movements are significantly less
                  | encumbered by armour. (ER -6) [Jiyva's grace]
  9405 | D:12     | Lost mutation: Your movements are less encumbered by
                  | armour. (ER -4) [Jiyva's grace]
  9405 | D:12     | Gained mutation: You have acidic saliva. [Jiyva's grace]
  9405 | D:12     | Gained mutation: Your system is resistant to poisons.
                  | (rPois) [Jiyva's grace]
  9405 | D:12     | Gained mutation: Your translucent skin slightly reduces
                  | your foes' accuracy. (Stealth+) [Jiyva's grace]
  9405 | D:12     | Gained mutation: Your translucent skin reduces your foes'
                  | accuracy. (Stealth+) [Jiyva's grace]
 10137 | D:13     | Noticed a boulder beetle
 10231 | D:13     | Killed a boulder beetle
 10313 | D:13     | Found a runed translucent door.
 10320 | D:13     | Noticed a seven-headed hydra
 10327 | D:13     | Killed a three-headed hydra
 10355 | D:13     | Noticed HallandMoats's ghost (journeyman MiFi)
 10385 | D:13     | Noticed a boulder beetle
 10385 | D:13     | Noticed a centaur warrior
 10402 | D:13     | Found an iron altar of Okawaru.
 10403 | D:13     | Noticed a tengu warrior
 10546 | Lair:1   | Entered Level 1 of the Lair of Beasts
 10546 | Lair:1   | Noticed an eight-headed hydra
 10552 | Lair:1   | Killed a five-headed hydra
 11095 | Lair:1   | Lost mutation: You have sharp fingernails. [Jiyva's grace]
 11095 | Lair:1   | Lost mutation: Your movements are slightly less encumbered
                  | by armour. (ER -2) [Jiyva's grace]
 11095 | Lair:1   | Gained mutation: Your flesh is heat resistant. (rF+)
                  | [Jiyva's grace]
 11095 | Lair:1   | Gained mutation: Your flesh is very heat resistant. (rF++)
                  | [Jiyva's grace]
 11095 | Lair:1   | Gained mutation: Your flesh is almost immune to the effects
                  | of heat. (rF+++) [Jiyva's grace]
 11095 | Lair:1   | Gained mutation: You are robust. (+10% HP) [Jiyva's grace]
 11444 | Lair:2   | Reached XP level 13. HP: 127/135 MP: 12/12
 11878 | Lair:2   | Found a hole to the Spider Nest.
 12434 | Lair:3   | Found a staircase to the Swamp.
 13351 | Lair:4   | Lost mutation: Your flesh is almost immune to the effects
                  | of heat. (rF+++) [Jiyva's grace]
 13351 | Lair:4   | Lost mutation: Your system is resistant to poisons. (rPois)
                  | [Jiyva's grace]
 13351 | Lair:4   | Lost mutation: Your translucent skin reduces your foes'
                  | accuracy. (Stealth+) [Jiyva's grace]
 13351 | Lair:4   | Lost mutation: Your translucent skin slightly reduces your
                  | foes' accuracy. (Stealth+) [Jiyva's grace]
 13351 | Lair:4   | Gained mutation: You are covered in slimy tendrils that may
                  | disarm your opponents. [Jiyva's grace]
 13351 | Lair:4   | Gained mutation: Your body has grown eyes which may confuse
                  | attackers. (Acc +3) [Jiyva's grace]
 13351 | Lair:4   | Gained mutation: Your body has grown many eyes which may
                  | confuse attackers. (Acc +5) [Jiyva's grace]
 13351 | Lair:4   | Gained mutation: Your body is covered in eyes which may
                  | confuse attackers. (Acc +7, SInv) [Jiyva's grace]
 13972 | Lair:5   | Reached skill level 15 in Fighting
 14215 | Lair:5   | You are sucked into a shaft and drop 1 floor!
 14215 | Lair:6   | Entered Level 6 of the Lair of Beasts
 14239 | Lair:5   | Noticed Snorg
 14247 | Lair:5   | Killed Snorg
 14248 | Lair:5   | Reached skill level 15 in Axes
 14272 | Lair:5   | Lost mutation: You are agile. (Dex +2) [Jiyva's grace]
 14272 | Lair:5   | Lost mutation: You have acidic saliva. [Jiyva's grace]
 14272 | Lair:5   | Gained mutation: Your spells are a little harder to cast,
                  | but a little more powerful. [Jiyva's grace]
 14272 | Lair:5   | Gained mutation: Your spells are harder to cast, but more
                  | powerful. [Jiyva's grace]
 14272 | Lair:5   | Gained mutation: Your spells are much harder to cast, but
                  | much more powerful. [Jiyva's grace]
 14272 | Lair:5   | Gained mutation: Your system is resistant to poisons.
                  | (rPois) [Jiyva's grace]
 14719 | Lair:6   | Reached XP level 14. HP: 148/148 MP: 13/13
 14832 | Lair:6   | Found a runed translucent door.
 14832 | Lair:6   | Found a viscous altar of Jiyva.
 14832 | Lair:6   | Noticed an azure jelly
 14832 | Lair:6   | Noticed an azure jelly
 14833 | Lair:6   | Noticed an azure jelly
 14834 | Lair:6   | Found a staircase to the Slime Pits.
 14843 | Slime:1  | Entered Level 1 of the Pits of Slime
 14856 | Slime:2  | Noticed a quicksilver ooze
 14859 | Slime:2  | Noticed a rockslime
 14860 | Slime:2  | Noticed a rockslime
 14872 | Slime:4  | Noticed an azure jelly
 14880 | Slime:5  | Entered Level 5 of the Pits of Slime
 14894 | Slime:5  | Noticed an acid blob
 14896 | Slime:5  | Noticed the Royal Jelly
 14896 | Slime:5  | Noticed a quicksilver ooze
 14898 | Slime:5  | Noticed an acid blob
 14898 | Slime:5  | Noticed a quicksilver ooze
 14898 | Slime:5  | Noticed an acid blob
 14899 | Slime:5  | Found a viscous altar of Jiyva.
 14899 | Slime:5  | Noticed a quicksilver ooze
 14900 | Slime:5  | Noticed an acid blob
 14900 | Slime:5  | Noticed an acid blob
 14901 | Slime:5  | Noticed a quicksilver ooze
 14902 | Slime:5  | Noticed a quicksilver ooze
 14903 | Slime:5  | Noticed an acid blob
 14906 | Slime:5  | Identified the +1 leather armour "Tyud" {Dex+2}
 14911 | Slime:5  | Noticed an azure jelly
 14914 | Slime:5  | Identified the ring "Keog" {Fly rPois rC++ Stlth+}
 14916 | Slime:5  | Identified the +8 morningstar of Wyel Umo {vamp, Str+4}
 14919 | Slime:5  | Got Geyramia's Papyrus of Mutagenic Illusion
 14935 | Slime:5  | Got a slimy rune of Zot
 14945 | Slime:5  | Identified the +2 barding of Plasticity {Contam rElec rF++
                  | Int+9}
 14956 | Slime:5  | Noticed an acid blob
 14982 | Slime:3  | Noticed a quicksilver ooze
 14991 | Slime:2  | Noticed a rockslime
 14998 | Slime:1  | Noticed a quicksilver ooze
 15419 | Lair:6   | Identified the +1 robe "Kuahua" {Fly Int-5 Dex+4 Slay+3}
 15441 | Lair:6   | Found a burning altar of Makhleb.
 15686 | Lair:6   | Reached skill level 15 in Armour
 16328 | D:13     | Reached skill level 1 in Maces & Flails
 16465 | D:14     | Noticed Kirke
 16596 | D:13     | HP: 2/149 [purple ugly thing (8)]
 16729 | D:13     | Killed Kirke
 16949 | D:14     | Lost mutation: Your system is resistant to poisons. (rPois)
                  | [Jiyva's grace]
 16949 | D:14     | Lost mutation: Your body is covered in eyes which may
                  | confuse attackers. (Acc +7, SInv) [Jiyva's grace]
 16949 | D:14     | Gained mutation: You are very robust. (+20% HP) [Jiyva's
                  | grace]
 16949 | D:14     | Gained mutation: You are extremely robust. (+30% HP)
                  | [Jiyva's grace]
 16949 | D:14     | Gained mutation: You passively map a small area around you.
                  | [Jiyva's grace]
 16949 | D:14     | Gained mutation: You passively map the area around you.
                  | [Jiyva's grace]
 17178 | D:14     | Found a gate to the Vaults.
 17203 | D:14     | Noticed an ironbound preserver
 17218 | D:14     | Killed an ironbound preserver
 17312 | D:14     | Noticed Azrael
 17326 | D:14     | Killed Azrael
 17351 | D:14     | Reached skill level 5 in Maces & Flails
 17379 | D:14     | Found a broken altar of Ashenzari.
 17690 | D:15     | Entered Level 15 of the Dungeon
 17981 | D:15     | Reached XP level 15. HP: 187/187 MP: 14/14
 18135 | D:15     | Reached skill level 15 in Dodging
 18311 | D:15     | Found a staircase to the Depths.
 18311 | D:15     | Noticed a frost giant
 18321 | D:15     | Killed a frost giant
 18735 | Orc:1    | Entered Level 1 of the Orcish Mines
 18735 | Orc:1    | Lost mutation: You passively map the area around you.
                  | [Jiyva's grace]
 18735 | Orc:1    | Lost mutation: You are extremely robust. (+30% HP) [Jiyva's
                  | grace]
 18735 | Orc:1    | Gained mutation: You expend magic power (3 MP) to
                  | strengthen your wands. [Jiyva's grace]
 18735 | Orc:1    | Gained mutation: You have a pair of large horns on your
                  | head. [Jiyva's grace]
 18735 | Orc:1    | Gained mutation: You possess an exceptional clarity of
                  | mind. [Jiyva's grace]
 18735 | Orc:1    | Gained mutation: You have hidden genetic potential.
                  | [Jiyva's grace]
 18744 | Orc:1    | Noticed an orc warlord
 18762 | Orc:1    | Killed an orc warlord
 18763 | Orc:1    | Reached skill level 1 in Shields
 19038 | Orc:1    | Noticed Nergalle
 19047 | Orc:1    | Killed Nergalle
 19161 | Orc:2    | Entered Level 2 of the Orcish Mines
 19342 | Orc:2    | Noticed Urug
 19352 | Orc:2    | Killed Urug
 19500 | Orc:2    | Found Hoonowni's Magic Scroll Shop.
 19522 | Orc:2    | Found Revunnua's Antique Armour Boutique.
 19541 | Orc:2    | Identified a scroll of acquirement
 19807 | Orc:2    | Found Oryesiag's Assorted Antiques.
 19838 | Orc:2    | Noticed an orc warlord
 19855 | Orc:2    | Killed an orc warlord
 20137 | Orc:2    | Found Rohenwost's Armour Shoppe.
 20409 | Orc:2    | Found a staircase to the Elven Halls.
 20482 | Orc:2    | Paralysed by an orc sorcerer for 4 turns
 20698 | Orc:2    | Bought a spiked plate armour for 812 gold pieces
 20698 | Orc:2    | Identified the +1 plate armour of Nemelex Xobeh's Regard
                  | {Harm rPois rN+} (You bought it in a shop on level 2 of the
                  | Orcish Mines)
 20998 | Swamp:1  | Entered Level 1 of the Swamp
 20998 | Swamp:1  | Noticed Nikola
 21013 | Lair:3   | Reached skill level 5 in Shields
 21180 | D:6      | Bought an amulet of regeneration for 390 gold pieces
 21192 | D:6      | Acquired a +0 pair of gloves of strength
 21340 | Vaults:1 | Entered Level 1 of the Vaults
 21719 | Vaults:1 | Noticed a vault warden
 21725 | Vaults:1 | Killed from afar by an ironbound thunderhulk

Illustrated notes

Levels and vault maps discovered:
D:1:      amcnicky_arrival_wind_blow, layout_basic, basic_ecumenical_altar,
          kennysheep_decorative_pillar, minivault_23
D:2:      layout_loops_cross, serial_rivers, chequers_serial_rivers_micro_c,
          chequers_serial_rivers_room_b, chequers_serial_rivers_small_a,
          chequers_serial_rivers_micro_b
D:3:      layout_loops_ring, uniq_jessica
D:4:      layout_loops_ring, nicolae_tso_besieged_by_evil, serial_shops,
          kennysheep_mini_moat, uniq_crazy_yiuf_cottage, uniq_menkaure
D:5:      layout_basic
D:6:      layout_rooms, minmay_temple_entry_grid, serial_shops,
          nicolae_shop_advertising_works [nicolae_subvault_shop_adworks], shop,
          nicolae_shop_bloodbath_and_beyond, nicolae_shop_behind_doors,
          nicolae_shop_statue_plus, uniq_edmund
D:7:      layout_loops_cross, enter_bailey_5, minmay_door_square,
          minmay_crossroads
D:8:      layout_basic, erik_lair_dragon, nicolae_concentric_dashed_squares_mild
D:9:      layout_stronghold, nicolae_underground_beach
D:10:     layout_basic, serial_shops, nicolae_shop_overgrown_old_shop,
          uniq_maurice
D:11:     layout_roguey, hiddenorc1_lemuel, uniq_harold
D:12:     layout_grid_maze, elves_outpost_lemuel
D:13:     layout_rooms, ebering_ghost_reflecting_pool, okawaru_metal_pillars_1_2
D:14:     layout_long_grid, skrybe_vaults_entry_preservation,
          nicolae_ashenzari_skybound, uniq_kirke, uniq_azrael
D:15:     grunt_enter_depths_snipers, layout_gridville
Lair:1:   layout_gridlike
Lair:2:   layout_misc_corridors, spider_nest_entry_web_field,
          serial_bayou_shore_b
Lair:3:   layout_regular_city, nicolae_swamp_entry_splash_gauntlet,
          grunt_megastairs_5
Lair:4:   layout_regular_city, minivault_24, infiniplex_staircase_pool_2
Lair:5:   layout_regular_city, serial_bayou_ford_a, infiniplex_staircase_pool,
          grunt_megastairs_1, serial_bayou_shore_b, uniq_snorg
Lair:6:   grunt_lair_end_beastmaster, layout_regular_city, slime_altar_2,
          lemuel_centaur_altar, serial_bayou_shore_a
Swamp:1:  layout_basic_swamp, nicolae_swamp_triple_paths, swamp_pool4,
          uniq_josephine, uniq_nikola
Slime:1:  layout_caves, amcnicky_altar_lugonu_corruption
Slime:2:  layout_caves, basic_altar, uniq_dissolution
Slime:3:  layout_caves
Slime:4:  layout_caves
Slime:5
Orc:1:    layout_caves, minmay_orc_temple_a, uniq_nergalle
Orc:2:    pubby_orc_utopia, uniq_urug
Vaults:1: vaults_dpeg_cross, hangedman_vaults_restitches,
          dpeg_vaults_monster_box, v_misc_3, vaults_dpeg_ring,
          layout_vaults_omnigrid

Skill      XL: |  1  2  3  4  5  6  7  8  9 10 11 12 13 14 15 |
---------------+----------------------------------------------+-----
Armour         | 1 2 3 4 5 6 8 10 11 13 14 15 16 | 16.3
Axes           | 4 5 6 7 9 10 12 13 15 16 | 16.8
Fighting       | 4 5 6 8 9 10 12 13 15 16 | 16.8
Dodging        | 4 5 6 7 8 9 11 12 13 14 15 | 15.4
Maces & Flails | 5 8 |  8.7
Shields        | 6 |  6.0
Stealth        | |  1.5

Action                   |  1- 3 |  4- 6 |  7- 9 | 10-12 | 13-15 || total
-------------------------+-------+-------+-------+-------+-------++-------
Melee: Hand axe          |    76 |   128 |   244 |   270 |       ||   718
       Headbutt          |    12 |    31 |    60 |   149 |   388 ||   640
       Punch             |     1 |     1 |     4 |    12 |    20 ||    38
       Unarmed           |     8 |       |       |       |    34 ||    42
       War axe           |       |       |       |   275 |   407 ||   682
       Bite              |       |       |       |    48 |    63 ||   111
       Morningstar       |       |       |       |       |   821 ||   821
Invok: Oozemancy         |       |       |       |       |     4 ||     4
  Use: Scroll            |       |       |     9 |     5 |     8 ||    22
       Potion            |       |       |     1 |       |     2 ||     3
 Stab: Sleeping          |       |     3 |     2 |     7 |     4 ||    16
       Distracted        |       |       |       |     1 |     1 ||     2
       Confused          |       |       |       |       |    47 ||    47
       Petrified         |       |       |       |       |     2 ||     2
Armor: Robe              |     3 |       |       |       |       ||     3
       Leather armour    |    23 |    34 |    53 |   124 |   151 ||   385
       Troll leather arm |       |       |       |       |   138 ||   138
       Plate armour      |       |       |       |       |    32 ||    32
Dodge: Dodged            |    85 |    77 |   200 |   556 |  1205 ||  2123
Block: Buckler           |       |       |       |       |   109 ||   109

Table legend: (Time is in decaauts)
 A = Elapsed time spent in this place.
 B = Non-inter-level travel time spent in this place.
 C = Inter-level travel time spent in this place.
 D = Time resting spent in this place.
 E = Time spent auto-exploring this place.
 F = Levels seen in this place.
 G = Mean time per level.
                   A        B        C        D        E       F      G
               +--------+--------+--------+--------+--------+-----+--------+
         Total |  21579 |  19685 |   1894 |   1550 |  13451 |  31 |  696.1 |
       Dungeon |  13185 |  11847 |   1338 |   1255 |   8210 |  15 |  879.0 |
          Lair |   5423 |   5013 |    410 |     74 |   3796 |   6 |  903.8 |
         Swamp |      6 |      6 |      0 |      0 |      0 |   1 |    6.0 |
    Slime Pits |    163 |    107 |     56 |      0 |      0 |   5 |   32.6 |
  Orcish Mines |   2002 |   1914 |     88 |    121 |   1097 |   2 | 1001.0 |
        Vaults |    373 |    373 |      0 |      0 |    258 |   1 |  373.0 |
        Bailey |    424 |    424 |      0 |    100 |     89 |   1 |  424.0 |
               +--------+--------+--------+--------+--------+-----+--------+

Top non-repeatable levels by time:
   Orc:2: 1575 daAuts
     D:3: 1256 daAuts
  Lair:6: 1232 daAuts
     D:8: 1110 daAuts
    D:12: 1054 daAuts
    D:13: 1024 daAuts
    D:15: 962 daAuts
    D:10: 930 daAuts
    D:11: 928 daAuts
  Lair:3: 909 daAuts
  Lair:1: 906 daAuts
     D:4: 867 daAuts
  Lair:4: 864 daAuts
    D:14: 831 daAuts
  Lair:2: 799 daAuts
